AoeStats
← perromelocoton

Nomad

507452178Analyzed
2v2 RM · 14d ago on Sep 18, 2026· 45m 2s· 4 players
Game mode
Random Map
Map size
176×176
Population
200
Speed
Normal
Resources
Standard
Victory
Conquest
Starting age
Dark Age
Ending age
Imperial Age
RankedLock teamsTeams togetherTeam positionsShared explorationLock speedFull tech treeHidden civsTurbo modeCheats
Victory
Defeat
🇪🇸 Spanish · Spain
1013
+12
🇭🇰 Persians · Hong Kong SAR China
959
+15
🇫🇷 Mongols · France
983
-16
🇫🇷 Goths · France
878
-11
triplefives
8:54 Loom
16:03 Feudal Age
17:19 Wheelbarrow
16:33 Double-Bit Axe
18:27 Fishing Lines
21:48 Castle Age
20:11 Gold Mining
20:36 Stone Mining
22:36 Bow Saw
22:39 Medium Warships
23:39 Hand Cart
25:26 Fletching
27:35 Stone Shaft Mining
28:11 Gillnets
28:50 Bodkin Arrow
29:46 Forging
32:43 Murder Holes
35:26 Imperial Age
34:35 Padded Archer Armor
35:10 Iron Casting
34:36 Scale Mail Armor
34:41 Scale Barding Armor
35:30 Ballistics
35:01 Heated Shot
35:23 Clinker Construction
35:24 Careening
35:22 Siphons
37:26 Two-Man Saw
36:58 Citadels
39:28 Chemistry
38:53 Dry Dock
38:54 Carvel Hull
39:26 Conscription
40:30 Elite Cannon Galleon
42:23 Masonry
42:28 Incendiaries
43:30 Blast Furnace
42:50 Chain Barding Armor
perromelocoton
6:03 Loom
14:29 Feudal Age
15:14 Double-Bit Axe
15:29 Fishing Lines
21:52 Castle Age
20:11 Fletching
22:53 Medium Warships
23:49 Stone Mining
24:24 Gillnets
26:00 Wheelbarrow
25:51 Padded Archer Armor
26:34 Elite Skirmisher
28:23 Bodkin Arrow
32:29 Ballistics
33:20 Leather Archer Armor
36:16 Imperial Age
35:39 Scale Barding Armor
36:59 Chain Barding Armor
37:26 Capped Ram
40:41 Chemistry
40:45 Thumb Ring
42:58 Cavalier
43:58 Forging
a-pb
9:45 Loom
13:46 Feudal Age
20:05 Castle Age
18:53 Double-Bit Axe
20:53 Gold Mining
24:02 Fletching
29:43 Wheelbarrow
35:10 Imperial Age
34:18 Bodkin Arrow
36:26 Bracer
42:58 Light Cavalry
miaousyo
15:58 Feudal Age
14:17 Loom
22:51 Double-Bit Axe
22:55 Horse Collar
26:20 Castle Age
25:19 Fletching
27:50 Crossbowman
28:45 Padded Archer Armor
28:56 Forging
30:23 Heavy Plow
33:54 Bow Saw
34:44 Elite Skirmisher
38:14 Murder Holes
38:30 Masonry
Connection lost

Rejoining the realm…

Still unreachable

The connection could not be restored.

Session expired

The server has moved on; the page needs a fresh start.